 Dungeon Crawl Stone Soup version 0.29.1-15-g9cfb28693d (webtiles) character file.

Game seed: 6211907996256719699

36 monoptic the Trooper (level 3, -1/35 HPs)
             Began as a Gnoll Wanderer on Apr 6, 2023.
             Slain by a gnoll
             ... wielding a +0 whip
              (5 damage)
             ... on level 2 of the Dungeon.
             The game lasted 00:05:28 (2000 turns).

monoptic the Trooper (Gnoll Wanderer)               Turns: 2000, Time: 00:05:29

Health: -1/35      AC:  3    Str: 15    XL:     3   Next: 37%
Magic:  7/7        EV: 11    Int: 13    God:
Gold:   150        SH:  7    Dex: 13    Spells: 6/7 levels left

rFire   . . .      SeeInvis .   a - +0 dagger
rCold   . . .      Faith    .   e - +2 buckler
rNeg    . . .      Spirit   .   d - +0 robe
rPois   .          Reflect  .   (no helmet)
rElec   .          Harm     .   (no cloak)
rCorr   .          Rampage  .   (no gloves)
Will    +....                   b - +0 pair of boots
Stlth   ++........              s - amulet of regeneration
HPRegen 0.91/turn               p - ring of willpower
MPRegen 0.10/turn               t - +6 ring of strength

@: no status effects
A: fangs 1, strong nose, distributed training
a: no special abilities


You were on level 2 of the Dungeon.
You visited 1 branch of the dungeon, and saw 3 of its levels.

You collected 150 gold pieces.

Inventory:

Hand Weapons
 a - a +0 dagger (weapon)
Missiles
 f - 6 atropa-tipped darts
 k - 5 boomerangs (quivered)
Armour
 b - a +0 pair of boots (worn)
 d - a +0 robe (worn)
 e - a +2 buckler (worn)
Jewellery
 p - a ring of willpower (left hand)
 s - an amulet of regeneration (around neck)
 t - a +6 ring of strength (right hand)
Scrolls
 c - 2 scrolls of blinking
 i - 2 scrolls of butterflies {unknown}
 j - 2 scrolls of teleportation {unknown}
 m - a scroll of vulnerability {unknown}
 n - 3 scrolls of poison {unknown}
 q - a scroll of enchant armour {unknown}
 r - a scroll of enchant weapon {unknown}
Potions
 g - a potion of heal wounds {unknown}
 h - a potion of attraction {unknown}
 l - a potion of curing {unknown}
 o - a potion of ambrosia {unknown}


   Skills:
 + Level 6.5 Fighting
 + Level 0.8 Short Blades
 + Level 0.8 Long Blades
 + Level 0.8 Axes
 + Level 0.8 Maces & Flails
 + Level 0.8 Polearms
 + Level 0.8 Staves
 + Level 0.8 Ranged Weapons
 + Level 0.8 Throwing
 + Level 0.8 Armour
 + Level 0.8 Dodging
 + Level 2.4 Stealth
 + Level 4.5 Shields
 + Level 0.8 Unarmed Combat
 + Level 2.8 Spellcasting
 + Level 0.5 Conjurations
 + Level 5.4 Hexes
 + Level 0.5 Summonings
 + Level 0.5 Necromancy
 + Level 0.5 Translocations
 + Level 0.5 Transmutations
 + Level 0.5 Fire Magic
 + Level 0.5 Ice Magic
 + Level 0.5 Air Magic
 + Level 0.5 Earth Magic
 + Level 0.5 Poison Magic
 + Level 1.0 Invocations
 + Level 0.8 Evocations


You had 6 spell levels left.
You knew the following spells:

 Your Spells              Type           Power      Damage    Failure   Level
a - Slow                  Hex            60%        N/A       3%          1

Your spell library contained the following spells:

 Spells                   Type           Power      Damage    Failure   Level
 Summon Guardian Golem    Hex/Summ       9%         N/A       26%         3


Dungeon Overview and Level Annotations

Branches:
Dungeon (3/15)

Altars:


Innate Abilities, Weirdness & Mutations

You have very sharp teeth.
Your uncanny sense of smell can sniff out nearby items.
Your experience applies equally to all skills.


Message History

You hit the gnoll. You bite the gnoll, but do no damage.
The gnoll is heavily wounded.
The gnoll hits you but does no damage.
You hit the gnoll but do no damage.
The gnoll is heavily wounded.
The gnoll hits you with a +0 whip. You block the gnoll's attack.
You closely miss the gnoll.
The gnoll is heavily wounded.
You barely miss the gnoll.
The gnoll is heavily wounded.
The gnoll hits you with a +0 flail. The gnoll hits you with a +0 whip.
You closely miss the gnoll. You bite the gnoll.
The gnoll is severely wounded.
You block the gnoll's attack. The gnoll hits you with a +0 whip.
You barely miss the gnoll.
The gnoll is severely wounded.
You block the gnoll's attack.
You hit the gnoll but do no damage.
The gnoll is severely wounded.
The gnoll barely misses you.
You hit the gnoll.
The gnoll is severely wounded.
The gnoll is no longer moving slowly.
The gnoll hits you with a +0 flail. The gnoll hits you with a +0 whip.
* * * LOW HITPOINT WARNING * * *
You hit the gnoll but do no damage. You bite the gnoll, but do no damage.
The gnoll is severely wounded.
The gnoll hits you with a +0 flail!
* * * LOW HITPOINT WARNING * * *
Okay, then.
You hit the gnoll but do no damage.
The gnoll is severely wounded.
The gnoll closely misses you. The gnoll barely misses you.
You barely miss the gnoll.
The gnoll is severely wounded.
You block the gnoll's attack.
You barely miss the gnoll.
The gnoll is severely wounded.
The gnoll hits you with a +0 whip.
You die...

##############
.......#.....#
.......#.....#####
.......'.....'.g@#
.......#.....###g#
.......#.....# #.#
.......#.....# #.#
.......#.....###.#
.......#.........#
.##########'####.#
.# #...##.# #.#
.#####...##.# #.#


You could see 2 gnolls.

Vanquished Creatures
  A worm (D:2)
  5 endoplasms
  4 giant cockroaches
  A goblin (D:2)
  2 hobgoblins (D:1)
  3 quokkas (D:1)
  5 ball pythons
  3 bats
  2 frilled lizards
  3 rats
29 creatures vanquished.

Notes
Turn   | Place    | Note
-------+----------+-------------------------------------------
     0 | D:1      | monoptic the Gnoll Wanderer began the quest for the Orb.
     0 | D:1      | monoptic set off with the following items: a +0 dagger, a
                  | +0 pair of boots, a scroll of blinking, a +0 robe, a +2
                  | buckler; and the following spell memorised: Slow; and the
                  | following spells available to memorise: Summon Guardian
                  | Golem.
     0 | D:1      | Reached XP level 1. HP: 23/23 MP: 4/4
   395 | D:1      | Reached XP level 2. HP: 22/29 MP: 5/5
  1349 | D:2      | Reached XP level 3. HP: 22/35 MP: 5/7
  1757 | D:2      | Reached skill level 1 in Invocations
  1997 | D:2      | HP: 1/35 [gnoll/+0 flail (9)]
  2000 | D:2      | Slain by a gnoll

Illustrated notes

Levels and vault maps discovered:
D:1:      saegor_arrival_simple_e, layout_basic, chequers_decorated_corner,
          nrook_mini_vaults, minmay_tetromino_l2
D:2:      layout_basic
D:3:      layout_rooms, serial_bayou_pond_e

Skill      XL: |  1  2  3 |
---------------+----------+-----
Invocations    | 1 |  1.0
Fighting       | |  6.5
Short Blades   | |  0.8
Long Blades    | |  0.8
Axes           | |  0.8
Maces & Flails | |  0.8
Polearms       | |  0.8
Staves         | |  0.8
Ranged Weapons | |  0.8
Throwing       | |  0.8
Armour         | |  0.8
Dodging        | |  0.8
Stealth        | |  2.4
Shields        | |  4.5
Unarmed Combat | |  0.8
Spellcasting   | |  2.8
Conjurations   | |  0.5
Hexes          | |  5.4
Summonings     | |  0.5
Necromancy     | |  0.5
Translocations | |  0.5
Transmutations | |  0.5
Fire Magic     | |  0.5
Ice Magic      | |  0.5
Air Magic      | |  0.5
Earth Magic    | |  0.5
Poison Magic   | |  0.5
Evocations     | |  0.8

Action                   || total
-------------------------++-------
Melee: Dagger            ||   129
       Bite              ||    17
Throw: Boomerang         ||    26
 Cast: Slow              ||    26
 Stab: Sleeping          ||     1
Armor: Robe              ||    22
Dodge: Dodged            ||    64
Block: Buckler           ||    36
